AoeStats
← Rambao02

Enclosed

505038566Analyzed
1v1 RM · 24d ago on Sep 7, 2026· 20m 31s· 2 players
Game mode
Random Map
Map size
Tiny (2 player)
Population
200
Speed
Normal
Resources
Standard
Victory
Conquest
Starting age
Dark Age
Ending age
Imperial Age
RankedLock teamsTeams togetherTeam positionsShared explorationLock speedFull tech treeHidden civsTurbo modeCheats
Victory
Defeat
🇮🇳 Hindustanis · India
812
+17
🇧🇷 Magyars · Brazil
843
-17
CookieHunter
8:04 Loom
10:52 Feudal Age
16:08 Castle Age
Rambao02
5:51 Loom
6:32 Loom
9:10 Feudal Age
10:33 Double-Bit Axe
15:32 Horse Collar
16:24 Scale Barding Armor
18:44 Bloodlines
19:46 Wheelbarrow
18:57 Town Watch
Connection lost

Rejoining the realm…

Still unreachable

The connection could not be restored.

Session expired

The server has moved on; the page needs a fresh start.